 Dungeon Crawl Stone Soup version 0.30-a0-779-g7971cf19c3 (webtiles) character file.

Game seed: 16070480678201807215

47 Ashiichan the Trooper (level 3, -3/33 HPs)
             Began as a Minotaur Fighter on Feb 17, 2023.
             Slain by a gnoll
             ... wielding a +3 flail
              (11 damage)
             ... on level 2 of the Dungeon.
             The game lasted 00:03:29 (1112 turns).

Ashiichan the Trooper (Minotaur Fighter)            Turns: 1112, Time: 00:03:30

Health: -3/33      AC:  7    Str: 22    XL:     3   Next: 48%
Magic:  2/2        EV:  9    Int:  5    God:
Gold:   99         SH:  4    Dex:  9    Spells: 2/2 levels left

rFire   . . .      SeeInvis .    a - +0 war axe
rCold   . . .      Faith    .    c - +0 buckler
rNeg    . . .      Spirit   .    b - +0 scale mail
rPois   .          Reflect  .    (helmet restricted)
rElec   .          Harm     .    (no cloak)
rCorr   .          Rampage  .    (no gloves)
Will    .....                    (no boots) Stlth
                                 (no amulet)
HPRegen 0.25/turn                (no ring)
MPRegen 0.08/turn                (no ring)

@: lethally poisoned (-3 -> -4)
A: horns 2, retaliatory headbutt
a: no special abilities


You were on level 2 of the Dungeon.
You visited 1 branch of the dungeon, and saw 2 of its levels.

You collected 99 gold pieces.

Inventory:

Hand Weapons
 a - a +0 war axe (weapon)
Armour
 b - a +0 scale mail (worn)
 c - a +0 buckler (worn)
Scrolls
 e - a scroll of summoning {unknown}
Potions
 d - a potion of might
 f - 2 potions of curing {unknown}


   Skills:
 + Level 4.2 Fighting
 + Level 3.1 Axes
 + Level 4.1 Armour
 + Level 4.1 Shields


You had 2 spell levels left.
You didn't know any spells.
Your spell library contained the following spells:

 Spells                   Type           Power      Damage    Failure   Level
 Foxfire                  Conj/Fire      0%         2x1d4     87%         1
 Fireball                 Conj/Fire      0%         3d3       100%        5
 Starburst                Conj/Fire      0%         6d3       100%        6


Dungeon Overview and Level Annotations

Branches:
Dungeon (2/15)

Altars:

Annotations:
D:2 Terence


Innate Abilities, Weirdness & Mutations

You have a pair of horns on your head.
You reflexively headbutt those who attack you in melee.


Message History

Found an escape hatch in the floor.
An endoplasm comes into view.
The endoplasm quivers.
There is an escape hatch in the floor here.
Found a glowing hand axe.
You block the endoplasm's attack.
You slash the endoplasm!
You kill the endoplasm!
An adder and 3 gnolls come into view.
The adder hisses angrily.
The gnoll shouts! x3; You hear a shout!
A gnoll comes into view. It is wielding a +0 flail.
Cleave: a) +0 war axe
Press: ? - help, Dir - move target, f - you
Okay, then.
Terence the Incautious comes into view.
He is wielding a +0 flail of venom.
Terence shouts!
Terence moves out of view.
You barely miss the gnoll. You slash the gnoll!
You kill the gnoll!
You hit the adder. You hit the gnoll. The adder bites you but does no damage.
Terence asks, "Do you want it fast or slow?"
The gnoll barely misses you. The adder bites you.
The gnoll hits you with a +3 flail!
You hit the gnoll.
You headbutt the gnoll, but do no damage.
The gnoll is moderately wounded.
You closely miss the adder. The adder barely misses you.
The gnoll hits you but does no damage. The adder bites you.
You are poisoned.
The adder poisons you!
You barely miss the adder.
The adder is moderately wounded.
You barely miss the gnoll.
You feel sick. The gnoll hits you with a +3 flail.
* * * LOW HITPOINT WARNING * * *
The adder bites you but does no damage.
You miss the adder.
The adder is moderately wounded.
You hit the gnoll.
You feel sick. The adder closely misses you.
The gnoll hits you with a +3 flail!
You die...

#...# ..# ....#
#...# ......#
.#.### ##.##
....... ..... #.#
......... ..#
###>## ....>###.
.## #....###
..... #......#
...
#....#.###S####
#........@)...#
#..#.#..##g##....
#..#.#..# @# .
#.......# gg
#.#####.# ... #.
#.# #### #. ..#
## ###


You could see Terence, 3 gnolls and an adder.

Vanquished Creatures
  A gnoll (D:2)
  An adder (D:2)
  A dart slug (D:1)
  6 endoplasms
  A giant cockroach (D:2)
  2 goblins
  A hobgoblin (D:1)
  2 quokkas (D:1)
  3 bats (D:1)
  2 frilled lizards (D:1)
  3 kobolds (D:1)
  3 rats
26 creatures vanquished.

Notes
Turn   | Place    | Note
-------+----------+-------------------------------------------
     0 | D:1      | Ashiichan the Minotaur Fighter began the quest for the Orb.
     0 | D:1      | Reached XP level 1. HP: 19/19 MP: 0/0
   122 | D:1      | Reached XP level 2. HP: 27/27 MP: 1/1
  1022 | D:2      | Reached XP level 3. HP: 26/33 MP: 2/2
  1107 | D:2      | Noticed Terence
  1112 | D:2      | Slain by a gnoll

Illustrated notes

Levels and vault maps discovered:
D:1:      erik_arrival_cave_to_civilisation [erik_arrival_cave_to_hall],
          layout_basic
D:2:      cheibrodos_greedy_goblins, layout_loops_cross, grunt_ministairs_2,
          uniq_natasha, uniq_terence

Skill      XL: |  1  2 |
---------------+-------+-----
Fighting       | 4 |  4.2
Shields        | 4 |  4.1
Armour         | 4 |  4.1
Axes           | 3 |  3.1

Action                     || total
---------------------------++-------
  Melee: War axe           ||    51
         Headbutt          ||     4
 Armour: Scale mail        ||    25
  Dodge: Dodged            ||    21
  Block: Buckler           ||    13

Table legend: (Time is in decaauts)
 A = Elapsed time spent in this place.
 B = Non-inter-level travel time spent in this place.
 C = Inter-level travel time spent in this place.
 D = Time resting spent in this place.
 E = Time spent auto-exploring this place.
 F = Levels seen in this place.
 G = Mean time per level.
                   A        B        C        D        E       F      G
               +--------+--------+--------+--------+--------+-----+--------+
         Total |   1132 |   1132 |      0 |      0 |    709 |   2 |  566.0 |
       Dungeon |   1132 |   1132 |      0 |      0 |    709 |   2 |  566.0 |
               +--------+--------+--------+--------+--------+-----+--------+

Top non-repeatable levels by time:
     D:1: 1007 daAuts
     D:2: 124 daAuts
